AoeStats
← pelder787

Arabia

508000056Analyzed
3v3 RM · 11d ago on Sep 20, 2026· 44m 49s· 6 players
Game mode
Random Map
Map size
Normal (6 player)
Population
200
Speed
Normal
Resources
Standard
Victory
Conquest
Starting age
Dark Age
Ending age
Imperial Age
RankedLock teamsTeams togetherTeam positionsShared explorationLock speedFull tech treeHidden civsTurbo modeCheats
Victory
Defeat
🇩🇪 Persians · Germany
1101
+13
🇩🇪 Britons · Germany
1015
+16
🇩🇪 Wei · Germany
1012
+16
🇺🇸 Maya · United States
1054
-17
🇺🇸 Malay · United States
1000
-14
🇺🇸 Portuguese · United States
1000
-14
Barko
0:30 Loom
9:29 Feudal Age
10:57 Double-Bit Axe
15:37 Fletching
22:22 Castle Age
20:51 Padded Archer Armor
22:06 Horse Collar
23:01 Bodkin Arrow
22:35 Crossbowman
25:34 Ballistics
29:54 Wheelbarrow
32:40 Squires
34:32 Pikeman
37:58 Scale Mail Armor
38:09 Forging
40:22 Sanctity
MisterBinks
11:17 Feudal Age
10:03 Loom
13:10 Double-Bit Axe
22:49 Castle Age
25:53 Horse Collar
28:04 Husbandry
29:36 Scale Barding Armor
31:46 Forging
34:13 Gold Mining
37:52 Pikeman
pelder787
11:35 Feudal Age
12:38 Double-Bit Axe
25:57 Horse Collar
29:48 Castle Age
27:34 Loom
28:28 Gold Mining
28:28 Stone Mining
28:50 Scale Barding Armor
39:06 Heavy Plow
40:15 Husbandry
40:27 Bloodlines
41:26 Bow Saw
45:47 Imperial Age
Lady_Sunflower
6:42 Loom
6:47 Loom
9:22 Feudal Age
9:53 Double-Bit Axe
9:51 Horse Collar
22:10 Castle Age
20:42 Bloodlines
20:56 Gold Mining
21:41 Scale Barding Armor
24:38 Forging
31:16 Husbandry
35:56 Bow Saw
38:56 Wheelbarrow
44:41 Hand Cart
Idle_Scout
6:53 Loom
9:47 Feudal Age
10:15 Double-Bit Axe
10:10 Horse Collar
14:05 Gold Mining
16:59 Scale Barding Armor
17:05 Forging
22:51 Castle Age
21:09 Bloodlines
25:27 Iron Casting
26:41 Husbandry
27:03 Chain Barding Armor
31:52 Heavy Plow
32:10 Bow Saw
35:02 Wheelbarrow
41:48 Gold Shaft Mining
45:35 Imperial Age
Idle_Wolf
5:51 Loom
9:39 Feudal Age
12:43 Double-Bit Axe
24:34 Castle Age
24:37 Crossbowman
25:10 Fletching
25:23 Padded Archer Armor
26:00 Bow Saw
26:11 Horse Collar
28:13 Bodkin Arrow
29:09 Leather Archer Armor
30:40 Scale Mail Armor
33:06 Ballistics
35:27 Chain Mail Armor
34:38 Pikeman
Connection lost

Rejoining the realm…

Still unreachable

The connection could not be restored.

Session expired

The server has moved on; the page needs a fresh start.